 Dungeon Crawl Stone Soup version 0.28-a0-653-g7e9dba17c3 (webtiles) character file.

Game seed: 349185708847302123

548 pokeman the Magician (level 7, 0/38 HPs)
             Began as a Deep Elf Hedge Wizard on Oct 11, 2021.
             Was an Initiate of Vehumet.
             Slain by a white imp (2 damage)
             ... on level 5 of the Dungeon.
             The game lasted 00:09:36 (5717 turns).

pokeman the Magician (Deep Elf Hedge Wizard)        Turns: 5717, Time: 00:09:37

Health: 0/38       AC:  4    Str:  7    XL:     7   Next: 7%
Magic:  21/29      EV: 12    Int: 21    God:    Vehumet [......]
Gold:   145        SH:  0    Dex: 14    Spells: 5/21 levels left

rFire   . . .      SeeInvis .   w - +2 great sword (vorpal)
rCold   . . .      Faith    .   (shield currently unavailable)
rNeg    . . .      Spirit   .   m - +0 leather armour
rPois   .          Reflect  .   c - +0 hat
rElec   .          Harm     .   (no cloak)
rCorr   .          Rampage  .   f - +0 pair of gloves
Will    +....                   (no boots)
Stlth   ++........              a - amulet of the acrobat
HPRegen 0.12/turn               u - ring of willpower
MPRegen 0.21/turn               C - ring of magical power

@: no status effects
A: no striking features
a: Renounce Religion


You were on level 5 of the Dungeon.
You worshipped Vehumet.
Vehumet was noncommittal.
You visited 2 branches of the dungeon, and saw 6 of its levels.

You collected 145 gold pieces.

Inventory:

Hand Weapons
 k - a +0 arbalest
 w - a +2 vorpal great sword (weapon)
Missiles
 A - 20 bolts
Armour
 c - a +0 hat (worn)
 f - a +0 pair of gloves (worn)
 h - a +0 buckler
 m - a +0 leather armour (worn)
Jewellery
 a - an amulet of the acrobat (around neck)
 u - a ring of willpower (left hand)
 y - an amulet of guardian spirit
 C - a ring of magical power (right hand)
Wands
 p - a wand of polymorph (7)
 r - a wand of mindburst (27)
 t - a wand of charming (8)
Scrolls
 e - a scroll of holy word {unknown}
 i - a scroll of immolation {unknown}
 n - 2 scrolls of teleportation {unknown}
 o - a scroll of identify {unknown}
 s - a scroll of magic mapping {unknown}
 B - a scroll of fog {unknown}
Potions
 b - a potion of brilliance {unknown}
 d - a potion of berserk rage {unknown}
 g - a potion of flight {unknown}
 j - 2 potions of invisibility {unknown}
 l - 4 potions of might {unknown}
 q - a potion of cancellation {unknown}
 v - a potion of curing {unknown}
 x - a potion of resistance {unknown}
 z - 2 potions of mutation {unknown}


   Skills:
 + Level 1.2 Fighting
 - Level 1.0 Armour
 - Level 3.0 Dodging
 - Level 3.1 Stealth
 - Level 1.0 Shields
 * Level 7.7 Spellcasting
 + Level 3.6 Conjurations
 - Level 1.1 Summonings
 - Level 1.1 Translocations
 - Level 1.2 Fire Magic
 - Level 1.1 Air Magic
 + Level 0.7 Poison Magic
 - Level 1.1 Evocations


You had 5 spell levels left.
You knew the following spells:

 Your Spells              Type           Power      Damage    Failure   Level
a - Magic Dart            Conj           92%        1d7       2%          1
b - Mephitic Cloud        Conj/Pois/Air  15%        N/A       17%         3
c - Call Imp              Summ           12%        N/A       12%         2
d - Blink                 Tloc           N/A        N/A       12%         2
e - Conjure Flame         Conj/Fire      18%        6-21      13%         3
f - Fireball              Conj/Fire      9%         3d6       77%         5

Your spell library contained the following spells:

 Spells                   Type           Power      Damage    Failure   Level
 Sting                    Tmut/Pois      36%        1d4       11%         1
 Slow                     Hex            8%         N/A       19%         2
 Summon Guardian Golem    Hex/Summ       10%        N/A       28%         3
 Tukima's Dance           Hex            8%         N/A       34%         3
 Passage of Golubria      Tloc           N/A        N/A       58%         4
 Summon Ice Beast         Ice/Summ       10%        N/A       67%         4
 Summon Mana Viper        Hex/Summ       10%        N/A       95%         5
 Yara's Violent Unravell  Hex/Tmut       4%         3d4       97%         5
 Eringya's Noxious Bog    Tmut/Pois      4%         N/A       100%        6
 Monstrous Menagerie      Summ           6%         N/A       100%        7
 Orb of Destruction       Conj           11%        9d5       100%        7
 Spellforged Servitor     Conj/Summ      9%         N/A       100%        7
 Ignition                 Fire           6%         3d4       100%        8


Dungeon Overview and Level Annotations

Branches:
Dungeon (5/15)             Temple (1/1) D:5

Altars:
Dithmenos
Fedhas
Gozag
Kikubaaqudgha
Nemelex Xobeh
Okawaru
Qazlal
Trog
Vehumet
Wu Jian
Xom
Yredelemnul
The Shining One

Shops:
D:1 (   D:3 *


Message History

Unknown command.
You barely miss the gnoll.
The gnoll is lightly wounded.
The gnoll is engulfed in noxious fumes.
The gnoll appears confused.
The gnoll hits the white imp with a +0 spear.
Something hits your white imp.
The gnoll is engulfed in noxious fumes.
The gnoll appears confused.
An orc wizard comes into view. It is wielding a +0 dagger.
You slash the gnoll!
You kill the gnoll!
Vehumet accepts your kill.
The orc wizard hits your white imp with a +0 dagger.
Your white imp gestures at the orc wizard.
The puff of frost hits the orc wizard!
Unknown command.
Casting: Call Imp (safe; 12% risk of failure)
Confirm with . or Enter, or press ? or * to list all spells.
Aiming: Magic Dart (safe; 2% risk of failure)
Press: ? - help, Shift-Dir - straight line, f - white imp
Aim: a white imp (noxious fumes, moderately wounded, 100% to hit)
The magic dart hits the white imp but does no damage.
The white imp is moderately wounded.
The orc wizard hits your white imp with a +0 dagger.
The white imp gestures at you. The puff of frost hits you.
* * * LOW HITPOINT WARNING * * *
Your white imp gestures at the orc wizard.
The puff of frost hits the orc wizard!
The orc wizard dies!
Vehumet accepts your kill.
An adder comes into view.
Casting: Magic Dart (safe; 2% risk of failure)
Confirm with . or Enter, or press ? or * to list all spells.
Aiming: Magic Dart (safe; 2% risk of failure)
Press: ? - help, Shift-Dir - straight line, f/p - white imp
Aim: a white imp (moderately wounded, ally target, 100% to hit)
The magic dart hits the white imp but does no damage.
The white imp is moderately wounded.
The adder barely misses your white imp. The white imp hits you.
You die...

# #. ####.# .... .[...S###
#.... ......5.# ###... #.@# #.
.# #...# ##5# #.# #.# #.⌠.# #.#
#.# ... ##...#### #.# #.# #.#
........## #)# ###.### #.#
⌠..>..⌠..#######.# #.....# #.#
................>###.....####.#
##...###.#######......_.......#
#.⌠.# #.#...# #####.....###..#


You could see an adder (corona), a white imp (ally target) and a friendly white
imp (summoned).

Vanquished Creatures
  A necrophage (D:4)
  A black bear (D:5)
  A scorpion (D:3)
  A hound (D:5)
  A bullfrog skeleton (D:4)
  Jessica (D:3)
  A howler monkey zombie (D:5)
  7 gnolls
  6 adders
  2 worms
  2 dart slugs (D:1)
  5 orcs
  4 ball pythons
  7 bats
  4 endoplasms
  5 giant cockroaches
  6 goblins
  6 hobgoblins
  4 jackals (D:3)
  4 kobolds
  2 quokkas
  4 frilled lizards
  6 rats
81 creatures vanquished.

Vanquished Creatures (collateral kills)
  An orc wizard (D:5)
  An orc (D:4)
2 creatures vanquished.

Grand Total: 83 creatures vanquished

Notes
Turn   | Place    | Note
-------+----------+-------------------------------------------
     0 | D:1      | pokeman the Deep Elf Hedge Wizard began the quest for the
                  | Orb.
     0 | D:1      | Reached XP level 1. HP: 10/10 MP: 7/7
   220 | D:1      | Reached XP level 2. HP: 14/15 MP: 0/9
   533 | D:1      | Found Cug Buhe's Antique Weapon Shoppe.
   869 | D:1      | Reached skill level 5 in Spellcasting
  1014 | D:1      | Reached XP level 3. HP: 20/20 MP: 7/11
  1018 | D:1      | Learned a level 3 spell: Mephitic Cloud
  1021 | D:1      | Learned a level 2 spell: Call Imp
  1024 | D:1      | Learned a level 2 spell: Blink
  1028 | D:1      | Learned a level 3 spell: Conjure Flame
  1519 | D:1      | Reached skill level 1 in Fighting
  1638 | D:2      | Reached skill level 1 in Armour
  1649 | D:2      | Reached XP level 4. HP: 15/25 MP: 2/13
  1866 | D:2      | HP: 1/25 [gnoll (14)]
  1871 | D:2      | Found an opulent altar of Gozag.
  2445 | D:2      | Reached skill level 6 in Spellcasting
  2776 | D:3      | Found a glowing golden altar of the Shining One.
  2864 | D:3      | Found a faded altar of an unknown god.
  2882 | D:3      | Noticed a scorpion
  2895 | D:3      | Killed a scorpion
  2896 | D:3      | Reached skill level 1 in Shields
  2896 | D:3      | Reached XP level 5. HP: 29/29 MP: 3/15
  2986 | D:3      | Got the Compendium of Mutagenic Fire
  2993 | D:3      | Learned a level 5 spell: Fireball
  3068 | D:3      | Found a bloodstained altar of Trog.
  3383 | D:3      | Noticed Jessica
  3389 | D:3      | Killed Jessica
  3639 | D:3      | Found Ulu Tamoi's Assorted Antiques.
  3899 | D:4      | Noticed a necrophage
  3932 | D:4      | Killed a necrophage
  3933 | D:4      | Reached skill level 7 in Spellcasting
  3933 | D:4      | Reached skill level 1 in Fire Magic
  3933 | D:4      | Reached XP level 6. HP: 34/34 MP: 3/18
  4300 | D:4      | Found a basalt altar of Yredelemnul.
  5231 | D:5      | Entered Level 5 of the Dungeon
  5288 | D:5      | Found a blossoming altar of Fedhas.
  5348 | D:5      | Reached skill level 1 in Air Magic
  5348 | D:5      | Reached skill level 1 in Evocations
  5519 | D:5      | Found a staircase to the Ecumenical Temple.
  5540 | Temple   | Entered the Ecumenical Temple
  5639 | Temple   | Became a worshipper of Vehumet
  5711 | D:5      | Reached XP level 7. HP: 7/38 MP: 20/20
  5717 | D:5      | Slain by a white imp

Illustrated notes

Levels and vault maps discovered:
D:1:      eino_arrival_tree_alley, layout_basic, serial_shops,
          nicolae_shop_behind_doors, minmay_octomino_c4
D:2:      layout_rooms, basic_altar, minmay_circle_x
D:3:      layout_loops_ring, mainiacjoe_overflow_concentric_impassable,
          mainiacjoe_overflow_catwalk, shapermc_ecumenical_altar_petra,
          serial_shops, shop, chequers_serial_rivers_small_b, uniq_jessica
D:4:      layout_layer_cave, mainiacjoe_overflow_alcove_2
D:5:      layout_basic, lemuel_tele_altar, nicolae_ru_great_annihilating_truth,
          nicolae_overflow_crystal_walls, minmay_temple_entry_junction,
          serial_shops, shop, shop, nicolae_shop_behind_doors,
          nicolae_lakefront_shop, uniq_pikel
Temple:   jpeg_temple_island

Skill      XL: |  1  2  3  4  5  6 |
---------------+-------------------+-----
Spellcasting   | 5 6 7 |  7.7
Fighting       | 1 |  1.2
Armour         | 1 |  1.0
Conjurations   | 2 3 |  3.6
Dodging        | 3 |  3.0
Shields        | 1 |  1.0
Stealth        | 3 |  3.1
Fire Magic     | 1 |  1.2
Air Magic      | 1 |  1.1
Evocations     | 1 |  1.1
Summonings     | |  1.1
Translocations | |  1.1
Poison Magic   | |  0.7

Action                   |  1- 3 |  4- 6 |  7- 9 || total
-------------------------+-------+-------+-------++-------
Melee: Dagger            |    19 |       |       ||    19
       Spear             |       |     6 |       ||     6
       Great sword       |       |    20 |     2 ||    22
 Cast: Magic Dart        |    91 |   124 |     2 ||   217
       Mephitic Cloud    |     1 |     6 |     1 ||     8
       Conjure Flame     |       |     6 |       ||     6
       Blink             |       |     2 |     1 ||     3
       Call Imp          |       |     1 |     1 ||     2
 Stab: Confused          |     1 |     2 |       ||     3
Armor: Robe              |     6 |       |       ||     6
       Leather armour    |       |    11 |       ||    11
Dodge: Dodged            |    13 |    35 |       ||    48

Table legend: (Time is in decaauts)
 A = Elapsed time spent in this place.
 B = Non-inter-level travel time spent in this place.
 C = Inter-level travel time spent in this place.
 D = Time resting spent in this place.
 E = Time spent auto-exploring this place.
 F = Levels seen in this place.
 G = Mean time per level.
                   A        B        C        D        E       F      G
               +--------+--------+--------+--------+--------+-----+--------+
         Total |   5736 |   5558 |    178 |    590 |   4245 |   6 |  956.0 |
       Dungeon |   5597 |   5458 |    139 |    590 |   4162 |   5 | 1119.4 |
        Temple |    139 |    100 |     39 |      0 |     83 |   1 |  139.0 |
               +--------+--------+--------+--------+--------+-----+--------+

Top non-repeatable levels by time:
     D:1: 2029 daAuts
     D:4: 1395 daAuts
     D:3: 1083 daAuts
     D:2: 735 daAuts
     D:5: 354 daAuts
  Temple: 139 daAuts
